 Dungeon Crawl Stone Soup version 0.29.0-11-gd7f09526c8 (webtiles) character file.

Game seed: 8415933969464809959

49316 LabCoat the Severer (level 14, -14/129 HPs)
             Began as a Hill Orc Fighter on Sept 4, 2022.
             Was a Priest of Trog.
             Demolished by a spriggan rider
             ... wielding a +0 spear
              (22 damage)
             ... on level 5 of the Lair of Beasts.
             The game lasted 01:22:34 (20747 turns).

LabCoat the Severer (Hill Orc Fighter)             Turns: 20747, Time: 01:22:34

Health: -14/129    AC: 27    Str: 30    XL:     14   Next: 50%
Magic:  0/14       EV: 12    Int:  8    God:    Trog [***...]
Gold:   727        SH: 11    Dex: 10    Spells: 13/13 levels left

rFire   . . .      SeeInvis .   a - +1 war axe
rCold   + . .      Faith    .   G - +0 kite shield
rNeg    + . .      Spirit   +   E - +4 plate armour {rC+}
rPois   .          Reflect  .   i - +1 helmet
rElec   .          Harm     .   g - +1 cloak of Starlight {*Dazzle EV+4 Stlth--}
rCorr   .          Rampage  .   N - +0 pair of gloves
Will    +....                   s - +0 pair of boots
Stlth   ..........              r - amulet of guardian spirit
HPRegen 0.31/turn               t - ring of positive energy
MPRegen 0.14/turn               o - +6 ring of strength

@: about to teleport, on berserk cooldown, slowed, studying Ice Magic, very slow
A: no striking features
a: Renounce Religion, Berserk, Trog's Hand


You were on level 5 of the Lair of Beasts.
You worshipped Trog.
Trog was most pleased with you.
You visited 3 branches of the dungeon, and saw 16 of its levels.
You also visited: Ossuary, Bailey and Ice Cave.

You collected 1429 gold pieces.
You spent 702 gold pieces at shops.

Inventory:

Hand Weapons
 a - a +1 war axe (weapon)
 c - a +3 morningstar
 L - the +7 demon blade of the Desert {freeze, Int+3 Stlth+}
   (You found it in a bailey)

   It freezes those it strikes, dealing additional cold damage.
   It can also slow down cold-blooded creatures.
   Int:       It affects your intelligence (+3).
   Stlth:     It makes you more stealthy.
Missiles
 I - 2 javelins (quivered)
 J - 15 throwing nets
 Q - 8 poisoned darts
 V - 5 boomerangs
 Y - 3 atropa-tipped darts
Armour
 g - the +1 cloak of Starlight (worn) {*Dazzle EV+4 Stlth--}
   (You found it on level 2 of the Dungeon)

   It may blind those who miss an attack against the wearer in melee combat.
   EV:        It affects your evasion (+4).
   Stlth:     It makes you much less stealthy.
 i - a +1 helmet (worn)
 l - +0 steam dragon scales
 s - a +0 pair of boots (worn)
 E - a +4 plate armour of cold resistance (worn)
 G - a +0 kite shield (worn)
 N - a +0 pair of gloves (worn)
Jewellery
 m - a +6 ring of intelligence
 o - a +6 ring of strength (right hand)
 r - an amulet of guardian spirit (around neck)
 t - a ring of positive energy (left hand)
 y - a ring of positive energy
 A - an amulet of reflection
 D - an amulet of regeneration
 H - a ring of protection from cold
Wands
 u - a wand of digging (7)
 K - a wand of quicksilver (7)
 O - a wand of paralysis (5)
 U - a wand of polymorph (2)
Scrolls
 b - 3 scrolls of enchant armour
 d - a scroll of silence {unknown}
 e - 9 scrolls of teleportation
 j - 6 scrolls of magic mapping
 q - a scroll of butterflies {unknown}
 w - 2 scrolls of poison
 x - a scroll of summoning {unknown}
 z - a scroll of torment {unknown}
 B - a scroll of immolation
 M - a scroll of blinking {unknown}
 P - a scroll of brand weapon {unknown}
 X - a scroll of amnesia {unknown}
Potions
 f - a potion of brilliance
 h - 2 potions of magic
 n - 3 potions of lignification
 p - a potion of haste
 v - 5 potions of curing
 C - 6 potions of flight
 F - 2 potions of invisibility
 R - a potion of ambrosia {unknown}
 T - a potion of cancellation {unknown}
 Z - a potion of berserk rage
Miscellaneous
 S - a piece from Xom's chessboard (15/15)
 W - a tin of tremorstones (2/2)


   Skills:
 + Level 13.5 Fighting
 + Level 20.3(20.7) Axes
 * Level 5.7(12.6) Maces & Flails
 + Level 1.3 Throwing
 + Level 11.5 Armour
 + Level 3.8 Dodging
 + Level 10.4 Shields
 - Level 4.5 Ice Magic
 + Level 2.4 Evocations


You had 13 spell levels left.
You didn't know any spells.
Your spell library contained the following spells:

 Spells                   Type           Power      Damage    Failure   Level
 Blink                    Tloc           0%         N/A       100%        2
 Scorch                   Fire           0%         2d5       100%        2
 Static Discharge         Conj/Air       0%         3-3/arc   100%        2
 Sublimation of Blood     Necr           0%         N/A       100%        2
 Gell's Gravitas          Tloc           0%         N/A       100%        3
 Lesser Beckoning         Tloc           0%         N/A       100%        3
 Teleport Other           Tloc           0%         N/A       100%        3
 Animate Armour           Summ/Erth      0%         N/A       100%        4
 Flame Wave               Conj/Fire      0%         2d4       100%        4
 Petrify                  Tmut/Erth      0%         N/A       100%        4
 Summon Ice Beast         Ice/Summ       3%         N/A       100%        4
 Blade Hands              Tmut           0%         N/A       100%        5
 Irradiate                Conj/Tmut      0%         3d11      100%        5
 Lightning Bolt           Conj/Air       0%         1d11      100%        5
 Manifold Assault         Tloc           0%         N/A       100%        5
 Metabolic Englaciation   Hex/Ice        1%         N/A       100%        5
 Summon Mana Viper        Hex/Summ       0%         N/A       100%        5
 Iron Shot                Conj/Erth      0%         9d1       100%        6
 Statue Form              Tmut/Erth      0%         N/A       100%        6
 Summon Cactus Giant      Summ           0%         N/A       100%        6
 Monstrous Menagerie      Summ           0%         N/A       100%        7
 Storm Form               Tmut/Air       0%         N/A       100%        7
 Maxwell's Capacitive Co  Air            0%         ∞         100%        8


Dungeon Overview and Level Annotations

Branches:
Dungeon (10/15)            Temple (1/1) D:6            Lair (5/5) D:10
 Shoals (0/4) Lair:3       Spider (0/4) Lair:3        Slime (0/5) Lair:4
    Orc (0/2) D:10        Ossuary (visited)          Bailey (visited)
  IceCv (visited)

Altars:
Ashenzari
Cheibriados
Dithmenos
Elyvilon
Fedhas
Gozag
Hepliaklqana
Kikubaaqudgha
Makhleb
Nemelex Xobeh
Okawaru
Qazlal
Ru
Sif Muna
Trog
Uskayaw
Vehumet
Wu Jian
Xom
Yredelemnul
Zin
The Shining One

Shops:
D:1 [

Annotations:
Lair:5 2 runed translucent doors


Message History

You are engulfed in calcifying dust.
The spriggan rider hits you from afar with a +0 spear.
The catoblepas breathes a plume of calcifying dust at you.
The blast of calcifying dust hits you but does no damage.
The spriggan rider hits you but does no damage.
You are engulfed in calcifying dust.
The spriggan rider hits you from afar with a +0 spear!
The catoblepas gores you but does no damage.
You are engulfed in calcifying dust.
You are no longer berserk.
You feel yourself slow down.
The spriggan rider hits you from afar with a +0 spear!!
* * * LOW HITPOINT WARNING * * *
The catoblepas barely misses you.
The spriggan rider hits you from afar with a +0 spear!!
* * * LOW HITPOINT WARNING * * *
You are engulfed in calcifying dust.
The spriggan rider hits you from afar with a +0 spear.
* * * LOW HITPOINT WARNING * * *
The catoblepas breathes a plume of calcifying dust at you.
The blast of calcifying dust hits you!
* * * LOW HITPOINT WARNING * * *
You turn to flesh and can move again.
Okay, then.
As you read the scroll of teleportation, it crumbles to dust.
You feel strangely unstable. The spriggan rider closely misses you.
The spriggan rider hits you from afar with a +0 spear!
* * * LOW HITPOINT WARNING * * *
The catoblepas gores you.
* * * LOW HITPOINT WARNING * * *
You feel much better.
The spriggan rider hits you from afar with a +0 spear!!
* * * LOW HITPOINT WARNING * * *
The catoblepas gores you!
* * * LOW HITPOINT WARNING * * *
The spriggan rider closely misses you.
The catoblepas breathes a plume of calcifying dust at you.
The blast of calcifying dust hits you but does no damage.
The spriggan rider hits you from afar with a +0 spear!!
You die...

...#.#.....#..##♣♣#..##
............#..#.♣...#
#P..........#........#
###..........#.......##
#.....PP......†.....#.#
.................#÷####
............#.i..÷§#
............P....§.#
...............#@.##
...............Y...#
.........#......P###
.............#...###
...................#
...........#..#...#
...........###...#
..............#.##
.................#


You could see a catoblepas and a spriggan rider (berserk).

Vanquished Creatures
  Kirke (Lair:4)
  Snorg (Lair:4)
  2 hydras
  Erica (D:8)
  12 death yaks
  3 ugly things
  A black mamba (Lair:4)
  12 elephants
  3 ice statues (IceCv)
  5 cane toads
  Maggie (D:8)
  2 anaconda simulacra (IceCv)
  8 komodo dragons
  A rime drake (Lair:3)
  2 ice devils (Lair:3)
  A troll (D:9)
  4 polar bears (Lair:5)
  Grinder (D:3)
  3 hornets
  22 blink frogs
  4 spriggans (Lair:5)
  2 shadows
  35 yaks
  4 hogs (Lair:4)
  4 wyverns
  A death yak simulacrum (IceCv)
  2 basilisks (Lair:3)
  3 steam dragons
  A harpy simulacrum (IceCv)
  Edmund (D:5)
  13 water moccasins
  2 orc warriors (D:8)
  2 black bears
  A hornet zombie (Ossuary)
  3 ice beasts
  39 wolves
  2 ogres
  7 centaurs
  2 kobold brigands
  5 necrophages
  4 bullfrogs
  5 scorpions
  A wyvern zombie (Ossuary)
  9 gnoll sergeants (Bailey)
  2 cane toad simulacra (IceCv)
  3 water moccasin zombies (Ossuary)
  11 wights
  23 killer bees
  9 howler monkeys
  9 centaur zombies
  9 bullfrog zombies (Ossuary)
  7 hounds
  A human zombie (D:10)
  2 jellies
  4 orc priests
  7 gnoll boudas
  8 orc wizards
  6 hell rats (Lair:2)
  3 killer bee zombies (Ossuary)
  A wolf simulacrum (IceCv)
  15 mummies
  5 howler monkey zombies
  24 gnolls
  11 adders
  17 river rats (Lair:2)
  A shadow imp (D:8)
  An ufetubus (D:5)
  5 worms
  A dart slug (D:4)
  37 orcs
  6 ball pythons
  5 endoplasms
  7 giant cockroaches
  19 goblins
  9 hobgoblins
  A jackal (D:4)
  8 quokkas
  4 bats
  3 frilled lizards (D:1)
  20 kobolds
  13 rats
555 creatures vanquished.

Vanquished Creatures (others)
  36 fungi
  64 plants
  2 withered plants (Ossuary)
102 creatures vanquished.

Grand Total: 657 creatures vanquished

Notes
Turn   | Place    | Note
-------+----------+-------------------------------------------
     0 | D:1      | LabCoat the Hill Orc Fighter began the quest for the Orb.
     0 | D:1      | Reached XP level 1. HP: 19/19 MP: 1/1
    94 | D:1      | Found a faded altar of an unknown god.
   163 | D:1      | Found Rasmip's Antique Armour Shop.
   261 | D:1      | Reached XP level 2. HP: 24/27 MP: 2/2
   372 | D:1      | Reached skill level 3 in Axes
   552 | D:1      | You fall into a shaft and drop 1 floor!
   552 | D:2      | Found the +1 cloak of Starlight {*Dazzle EV+4 Stlth--}
   661 | D:2      | Reached XP level 3. HP: 28/33 MP: 3/3
  1138 | D:2      | Found a basalt altar of Yredelemnul.
  1288 | D:2      | Reached skill level 4 in Axes
  1304 | D:2      | Reached XP level 4. HP: 40/40 MP: 4/4
  2033 | D:2      | Reached skill level 5 in Axes
  2212 | D:3      | Reached XP level 5. HP: 43/46 MP: 5/5
  2315 | D:3      | Noticed Grinder
  2367 | D:3      | Killed Grinder
  2368 | D:3      | Reached skill level 7 in Axes
  2368 | D:3      | Reached XP level 6. HP: 19/53 MP: 6/6
  2693 | D:3      | Found a blossoming altar of Fedhas.
  2750 | D:3      | Found a broken altar of Ashenzari.
  3514 | D:4      | Reached skill level 8 in Axes
  3514 | D:4      | Reached XP level 7. HP: 35/60 MP: 1/7
  3663 | D:4      | Found a hide-covered altar of Uskayaw.
  3802 | D:4      | Reached skill level 1 in Dodging
  3970 | D:4      | Found a snail-covered altar of Cheibriados.
  4033 | D:4      | Found a burning altar of Makhleb.
  4097 | D:4      | Reached skill level 9 in Axes
  4367 | D:5      | Entered Level 5 of the Dungeon
  4402 | D:5      | Noticed Edmund
  4416 | D:5      | Killed Edmund
  4417 | D:5      | Reached XP level 8. HP: 50/67 MP: 8/8
  4483 | D:5      | Found a sand-covered staircase.
  4494 | Ossuary  | Entered an ossuary
  4547 | Ossuary  | Reached skill level 5 in Fighting
  4552 | Ossuary  | Reached skill level 10 in Axes
  4616 | Ossuary  | Reached skill level 11 in Axes
  4906 | Ossuary  | Reached skill level 12 in Axes
  4955 | Ossuary  | Reached XP level 9. HP: 74/74 MP: 9/9
  5184 | D:5      | Found a sacrificial altar of Ru.
  5257 | D:5      | Found a white marble altar of Elyvilon.
  5533 | D:6      | Found a staircase to the Ecumenical Temple.
  5553 | D:6      | Reached skill level 13 in Axes
  5607 | Temple   | Entered the Ecumenical Temple
  5664 | Temple   | Became a worshipper of Trog the Wrathful
  5797 | D:6      | Reached skill level 5 in Armour
  6083 | D:6      | Identified the +8 short sword "Mihig" {vorpal, Will+ rCorr
                  | Str-5}
  6406 | D:7      | Found a hazy altar of Hepliaklqana.
  6500 | D:7      | Reached skill level 14 in Axes
  6521 | D:7      | Reached XP level 10. HP: 82/86 MP: 10/10
  6537 | D:7      | Reached * piety under Trog
  6539 | D:7      | Reached skill level 1 in Evocations
  6600 | D:7      | Reached skill level 15 in Axes
  6789 | D:7      | Found a stormy altar of Qazlal.
  6975 | D:7      | Found a glowing silver altar of Zin.
  7074 | D:8      | Noticed Maggie
  7104 | D:8      | Killed Maggie
  7109 | D:8      | Reached skill level 5 in Shields
  7281 | D:8      | Found an ornate altar of the Wu Jian Council.
  7348 | D:8      | Reached skill level 16 in Axes
  7371 | D:8      | Reached ** piety under Trog
  7375 | D:8      | Found a flagged portal.
  7382 | Bailey   | Entered a bailey
  7834 | Bailey   | Reached XP level 11. HP: 52/94 MP: 4/11
  8304 | Bailey   | Identified the +7 demon blade of the Desert {freeze, Int+3
                  | Stlth+}
  8483 | D:8      | Noticed Erica
  8494 | D:8      | Killed Erica
  8854 | D:8      | Found a radiant altar of Vehumet.
  8863 | D:8      | Found an iron altar of Okawaru.
  8953 | D:9      | Noticed a green ugly thing
  8963 | D:9      | Killed a green ugly thing
  9201 | D:9      | Reached skill level 17 in Axes
  9326 | D:9      | Reached *** piety under Trog
  9607 | D:9      | Found a shimmering altar of Xom.
  9668 | D:9      | Reached skill level 1 in Throwing
 10297 | D:10     | Entered Level 10 of the Dungeon
 10297 | D:10     | Found the +2 ratskin cloak {*Rats rPois rN+ Str-1 Int-1
                  | Dex+1}
 10991 | D:10     | Found a glowing golden altar of the Shining One.
 11324 | D:10     | Found a staircase to the Orcish Mines.
 11397 | D:10     | Found a staircase to the Lair.
 11735 | D:10     | Reached **** piety under Trog
 11771 | D:10     | Reached XP level 12. HP: 104/105 MP: 12/12
 11885 | D:10     | Found a basalt altar of Yredelemnul.
 12135 | D:1      | Bought a shiny plate armour for 702 gold pieces
 12348 | Lair:1   | Entered Level 1 of the Lair of Beasts
 12355 | Lair:1   | Reached skill level 18 in Axes
 12364 | Lair:1   | Reached skill level 10 in Fighting
 13708 | Lair:2   | Noticed a six-headed hydra
 13722 | Lair:2   | Killed a six-headed hydra
 14271 | Lair:2   | Reached skill level 1 in Maces & Flails
 14325 | Lair:2   | Reached ***** piety under Trog
 14732 | Lair:2   | Reached skill level 10 in Armour
 14868 | Lair:2   | Reached skill level 19 in Axes
 15185 | Lair:3   | Reached XP level 13. HP: 116/116 MP: 13/13
 15303 | Lair:3   | Found a frozen archway.
 15340 | IceCv    | Entered an ice cave
 16504 | Lair:3   | Found a hole to the Spider Nest.
 16583 | Lair:3   | Reached skill level 1 in Ice Magic
 16984 | Lair:3   | Found a staircase to the Shoals.
 18176 | Lair:4   | Noticed Snorg
 18240 | Lair:4   | Killed Snorg
 18623 | Lair:4   | Noticed Kirke
 18884 | Lair:4   | Killed Kirke
 18885 | Lair:4   | Reached XP level 14. HP: 127/127 MP: 12/14
 18888 | Lair:4   | Reached skill level 10 in Shields
 19020 | Lair:4   | Found a staircase to the Slime Pits.
 19144 | Lair:4   | Reached skill level 20 in Axes
 19534 | Lair:5   | Entered Level 5 of the Lair of Beasts
 19893 | Lair:5   | Reached skill level 5 in Maces & Flails
 20211 | Lair:5   | Found a runed translucent gate.
 20211 | Lair:5   | Found a runed translucent gate.
 20747 | Lair:5   | Demolished by a spriggan rider

Illustrated notes

Levels and vault maps discovered:
D:1:      dpeg_arrival_shrine, layout_basic, serial_shops,
          nicolae_shop_overgrown_old_shop, shapermc_ecumenical_altar_venn
D:2:      layout_basic, basic_altar, nicolae_wormholes
D:3:      layout_basic, mainiacjoe_overflow_catch_the_wave, serial_bayou,
          serial_bayou_shore_a, serial_bayou_lagoon_a, serial_bayou_lake_a,
          serial_bayou_ford_a, minmay_misc_feat_plants, st_stairs_5,
          corexii_shack, minmay_goblin_outpost, uniq_grinder
D:4:      minmay_chambers_of_twos, layout_gridville, lightli_temple_of_fire,
          mainiacjoe_overflow_concentric_impassable,
          nicolae_uskayaw_murder_on_the_dancefloor
D:5:      layout_cave_pools, nicolae_ru_great_annihilating_truth,
          elyvilon_altar_5, gup_ossuary_entry_pyramid, uniq_edmund
D:6:      layout_loops_ring, minmay_temple_entry_sparse_star
D:7:      layout_cave_pools, nicolae_overflow_hidden_temple, zin_statuary,
          lemuel_round_altar, minmay_crystal_water
D:8:      layout_basic, nicolae_wu_jian_immortal_techniques,
          mainiacjoe_overflow_big_doors, enter_bailey_3, uniq_erica, uniq_maggie
D:9:      layout_basic, xom_butterflies
D:10:     minmay_weird_star, layout_loops_corners, tso_metal_star,
          lemuel_mausoleum_altar_yredelemnul, david_orc_2
Temple:   nicolae_temple_bog_church
Lair:1:   layout_cave_pods
Lair:2:   lemuel_ratsnest, layout_loops_ring, serial_bayou_crossing,
          grunt_megastairs_3
Lair:3:   layout_layer_cave, minmay_shoals_entry_centaurs,
          nicolae_spider_entry_non_spiders, portal_ice_cave_demonic_guard,
          cheibrodos_lair_caveside_slide
Lair:4:   layout_regular_city, dpeg_slime_entry_corner, lemuel_fruit_tree,
          uniq_snorg, uniq_kirke
Lair:5:   minmay_lair_end_enchanted_forest, layout_cave_shapes,
          maelrawn_ghost_gauntlet_escape

Skill      XL: |  1  2  3  4  5  6  7  8  9 10 11 12 13 14 |
---------------+-------------------------------------------+-----
Fighting       | 4 5 7 8 9 11 12 13 | 13.5
Axes           | 3 4 5 7 8 9 12 14 16 17 19 20 | 20.3
Armour         | 4 5 7 8 10 11 | 11.5
Dodging        | 1 2 3 |  3.8
Shields        | 4 5 6 8 9 10 | 10.4
Evocations     | 1 2 |  2.4
Throwing       | 1 |  1.3
Maces & Flails | 1 3 5 |  5.7
Ice Magic      | 4 |  4.5

Action                   |  1- 3 |  4- 6 |  7- 9 | 10-12 | 13-15 || total
-------------------------+-------+-------+-------+-------+-------++-------
Melee: War axe           |    81 |   119 |   418 |   925 |   604 ||  2147
       Flail             |       |       |       |    28 |       ||    28
       Unarmed           |       |       |       |       |     1 ||     1
       Morningstar       |       |       |       |       |     7 ||     7
Throw: Dart              |       |    10 |       |     1 |       ||    11
       Javelin           |       |       |       |     8 |     5 ||    13
Invok: Berserk           |       |       |       |     8 |     8 ||    16
Evoke: Wand              |       |       |    10 |    14 |     3 ||    27
       Piece from Xom's  |       |       |       |     1 |       ||     1
  Use: Scroll            |     5 |     2 |     4 |     6 |     9 ||    26
       Potion            |       |       |       |     9 |     5 ||    14
 Stab: Invisible         |     1 |     6 |     8 |    39 |    24 ||    78
       Paralysed         |       |       |     1 |       |       ||     1
Armor: Scale mail        |    35 |    43 |   117 |       |       ||   195
       Chain mail        |       |       |    28 |   114 |       ||   142
       Plate armour      |       |       |       |   428 |   315 ||   743
Dodge: Dodged            |    36 |    88 |   256 |   465 |   263 ||  1108
Block: Buckler           |    13 |    16 |    69 |       |       ||    98
       Kite shield       |       |       |    11 |   459 |   284 ||   754
